 Dungeon Crawl Stone Soup version 0.28-a0-1524-ge72afd5fc6 (webtiles) character file.

Game seed: 9019629248262732687

23915 knot the Severer (level 12, 0/121 HPs)
             Began as a Demonspawn Berserker on Jan 18, 2022.
             Was a Priest of Trog.
             Succumbed to a black mamba's poison
             ... on level 4 of the Lair of Beasts.
             The game lasted 00:48:00 (21315 turns).

knot the Severer (Demonspawn Berserker)            Turns: 21315, Time: 00:48:01

Health: 0/121      AC:  8    Str: 19    XL:     12   Next: 76%
Magic:  12/12      EV: 15    Int: 13    God:    Trog [***...]
Gold:   810        SH:  0    Dex: 12    Spells: 11/11 levels left

rFire   . . .      SeeInvis +   M - +4 war axe (freeze)
rCold   . . .      Faith    .   (no shield)
rNeg    . . .      Spirit   .   O - +0 ring mail {rPois}
rPois   +          Reflect  .   x - +1 helmet
rElec   .          Harm     .   (no cloak)
rCorr   .          Rampage  .   (gloves unavailable)
Will    .....                   q - +0 pair of boots
Stlth   ..........              (no amulet)
HPRegen 1.30/turn               Q - +4 ring of evasion
MPRegen 0.13/turn               t - ring of see invisible

@: berserking (expiring), lethally poisoned (0 -> -12), very quick
A: claws 3, powered by death 2
a: Renounce Religion, Berserk, Trog's Hand


You were on level 4 of the Lair of Beasts.
You worshipped Trog.
Trog was most pleased with you.
You visited 2 branches of the dungeon, and saw 15 of its levels.

You collected 810 gold pieces.

Inventory:

Hand Weapons
 a - a +1 glaive of flaming
 f - the +6 hunting sling "Ultimatum" {venom, Dex+3}
   (You found it on level 6 of the Dungeon)

   Any ammunition fired from it poisons the flesh of those it strikes.
   Dex:       It affects your dexterity (+3).
 h - a +0 vorpal battleaxe
 m - a +1 war axe of electrocution
 y - a +3 scimitar of flaming
 z - the +7 dagger "Secadgh" {freeze, Will++ rCorr Dex+2 Stlth+}
   (You found it on level 8 of the Dungeon)

   It freezes those it strikes, dealing additional cold damage.
   It can also slow down cold-blooded creatures.
   Dex:       It affects your dexterity (+2).
   rCorr:     It protects you from acid and corrosion.
   Will:      It greatly increases your willpower.
   Stlth:     It makes you more stealthy.
 M - a +4 war axe of freezing (weapon)
Missiles
 d - 236 stones
 o - 136 sling bullets
 s - 12 atropa-tipped darts
 v - 15 boomerangs (quivered)
 A - 5 datura-tipped darts
 E - 14 poisoned darts
Armour
 q - a +0 pair of boots (worn)
 x - a +1 helmet (worn)
 K - a +0 robe of fire resistance
 O - a +0 ring mail of poison resistance (worn)
Jewellery
 l - a ring of protection from fire
 p - a ring of protection from fire
 t - a ring of see invisible (right claw)
 w - a ring of magical power
 B - the ring of Gaggar {+Blink Fly rF- Dex+7}
   (You found it on level 2 of the Lair of Beasts)

   [ring of flight]

   Dex:       It affects your dexterity (+7).
   rF:        It makes you vulnerable to fire.
   Fly:       It grants you flight.
   +Blink:    It lets you blink.
 F - a ring of willpower
 Q - a +4 ring of evasion (left claw)
 R - a +6 ring of dexterity
Wands
 n - a wand of acid (10)
 D - a wand of iceblast (18)
 I - a wand of charming (9)
 P - a wand of paralysis (5)
Scrolls
 c - 4 scrolls of teleportation
 e - a scroll of vulnerability
 g - a scroll of summoning
 i - 2 scrolls of magic mapping
 r - 3 scrolls of enchant armour
 u - 6 scrolls of immolation
 G - 6 scrolls of identify
 H - a scroll of fog
Potions
 b - a potion of lignification
 j - 3 potions of curing
 k - 2 potions of degeneration
 C - 2 potions of invisibility
 J - 8 potions of ambrosia
 L - 2 potions of heal wounds
 N - 3 potions of mutation
Miscellaneous
 S - a lightning rod (4/4)


   Skills:
 - Level 3.0 Fighting
 * Level 15.7 Axes
 * Level 12.3 Throwing
 - Level 1.7 Armour
 - Level 1.7 Dodging


You had 11 spell levels left.
You didn't know any spells.
Your spell library contained the following spells:

 Spells                   Type           Power      Damage    Failure   Level
 Freeze                   Ice            0%         1d3       47%         1
 Sting                    Tmut/Pois      0%         1d3       47%         1
 Blink                    Tloc           0%         N/A       63%         2
 Poisonous Vapours        Pois/Air       0%         N/A       63%         2
 Frozen Ramparts          Ice            0%         1d2       85%         3
 Inner Flame              Hex/Fire       0%         N/A       85%         3
 Cause Fear               Hex            0%         N/A       99%         4
 Hailstorm                Conj/Ice       0%         3d3       99%         4
 Ice Form                 Ice/Tmut       0%         N/A       99%         4
 Olgreb's Toxic Radiance  Pois           0%         N/A       99%         4
 Petrify                  Tmut/Erth      0%         N/A       99%         4
 Summon Ice Beast         Ice/Summ       0%         N/A       99%         4
 Manifold Assault         Tloc           0%         N/A       100%        5
 Metabolic Englaciation   Hex/Ice        0%         N/A       100%        5
 Statue Form              Tmut/Erth      0%         N/A       100%        6
 Storm Form               Tmut/Air       0%         N/A       100%        7
 Discord                  Hex            0%         N/A       100%        8


Dungeon Overview and Level Annotations

Branches:
Dungeon (11/15)            Temple (0/1) D:4            Lair (4/6) D:8
 Shoals (0/4) Lair:2       Spider (0/4) Lair:3          Orc (0/2) D:10

Altars:
Cheibriados
Elyvilon
Fedhas
Gozag
Hepliaklqana
Nemelex Xobeh
Ru
Sif Muna
Trog
Uskayaw
Vehumet
Yredelemnul
The Shining One

Annotations:
D:8 3 runed translucent doors, axecop's ghost, novice DsAK


Innate Abilities, Weirdness & Mutations

You have claws for hands.
You regenerate health from kills.


Message History

You closely miss the black mamba.
The black mamba is almost dead.
You miss the black mamba. Your claw misses the black mamba.
The black mamba is almost dead.
You feel sick. The black mamba misses you.
You barely miss the black mamba.
The black mamba is almost dead.
You feel sick. The black mamba bites you!
* * * LOW HITPOINT WARNING * * *
You are more poisoned.
The black mamba poisons you!
You barely miss the black mamba.
The black mamba is almost dead.
You feel sick.
You closely miss the black mamba.
The black mamba is almost dead.
You feel sick.
You closely miss the black mamba.
The black mamba is almost dead.
You feel sick. The black mamba bites you!
* * * LOW HITPOINT WARNING * * *
You are more poisoned.
The black mamba poisons you!
You barely miss the black mamba.
The black mamba is almost dead.
* * * LOW HITPOINT WARNING * * *
You feel very sick. The black mamba closely misses you.
You slash the black mamba!
The black mamba seems to slow down.
You freeze the black mamba.
You kill the black mamba!
Trog accepts your kill.
* * * LOW HITPOINT WARNING * * *
You feel very sick.
* * * LOW HITPOINT WARNING * * *
You feel very sick.
You are too berserk!
Unknown command.
You feel a strong urge to attack something.
You die...

.#.
.##....##...####..##
........##..## #..#
.###.....###+#.##...#
....................##
....................P#
.......(............##
.............[.......#
#..#................#
#...@..##.#..##..##
#...(.###.#+.....#
#...(.##......#...#
.........##.....## .P#
..#P....>.#.....# ## .
##.....#......#
#...(.##......
##....##.....+
...(..######.


There were no monsters in sight!

Vanquished Creatures
  A hydra (Lair:3)
  Erica (D:8)
  A catoblepas (Lair:3)
  A two-headed ogre (D:10)
  A manticore (D:10)
  The ghost of miscthings the Insei, a novice DgTm (D:5)
  A torpor snail (Lair:2)
  Joseph (D:7)
  4 black mambas
  3 cane toads
  An unseen horror (D:11)
  Maggie (Lair:2)
  2 komodo dragons
  A queen bee (Lair:1)
  2 merfolk (Lair:2)
  A polar bear (Lair:4)
  11 blink frogs
  Sigmund (D:2)
  3 wraiths (D:11)
  3 wyverns
  32 yaks
  A basilisk (Lair:2)
  A steam dragon (D:9)
  The ghost of comborobin the Insei, an amateur OpCA of Ignis (D:4)
  A warg (D:10)
  4 water moccasins
  An acid dragon (D:8)
  5 orc warriors
  3 black bears
  A sky beast (D:5)
  5 wolves (Lair:4)
  A centaur (D:9)
  2 ogres
  A phantom (D:7)
  A kobold brigand (D:9)
  A wyvern zombie (D:6)
  14 bullfrogs
  2 scorpions
  A wyvern skeleton (D:7)
  A water moccasin zombie (D:5)
  10 wights
  30 killer bees
  7 howler monkeys
  6 centaur zombies
  A bullfrog zombie (D:5)
  2 jellies
  3 hounds
  9 orc priests
  A centaur skeleton (D:7)
  2 iguanas
  Jessica (D:2)
  14 orc wizards
  A killer bee zombie (D:7)
  A hound zombie (D:3)
  2 howler monkey zombies (D:7)
  3 gnolls (D:6)
  A howler monkey skeleton (D:6)
  5 adders
  An adder skeleton (D:4)
  A worm (D:5)
  4 dart slugs
  48 orcs
  4 ball pythons
  4 bats
  7 endoplasms
  3 giant cockroaches
  6 goblins
  5 hobgoblins
  4 jackals (D:3)
  18 kobolds
  3 quokkas
  3 frilled lizards
  6 rats
  A spectral hobgoblin (D:7)
337 creatures vanquished.

Vanquished Creatures (collateral kills)
  2 hydras (Lair:2)
  A gnoll shaman (D:6)
  2 orc priests (D:6)
5 creatures vanquished.

Vanquished Creatures (others)
  An orc (D:9)
  6 fungi
  15 plants
22 creatures vanquished.

Grand Total: 364 creatures vanquished

Notes
Turn   | Place    | Note
-------+----------+-------------------------------------------
     0 | D:1      | knot the Demonspawn Berserker began the quest for the Orb.
     0 | D:1      | Reached XP level 1. HP: 18/18 MP: 1/1
   113 | D:1      | Reached skill level 3 in Axes
   194 | D:1      | Gained mutation: You regenerate a little health from kills.
                  | [demonic ancestry]
   194 | D:1      | Reached XP level 2. HP: 23/24 MP: 2/2
   778 | D:2      | Noticed Jessica
   783 | D:2      | Killed Jessica
   784 | D:2      | Reached skill level 4 in Axes
   784 | D:2      | Reached XP level 3. HP: 24/29 MP: 3/3
  1016 | D:2      | Noticed Sigmund
  1068 | D:2      | Found a radiant altar of Vehumet.
  1217 | D:2      | Killed Sigmund
  1218 | D:2      | Reached skill level 5 in Axes
  1218 | D:2      | Reached XP level 4. HP: 35/35 MP: 4/4
  1218 | D:2      | Reached XP level 5. HP: 41/41 MP: 5/5
  1862 | D:3      | Reached skill level 6 in Axes
  1935 | D:3      | Found a faded altar of an unknown god.
  2273 | D:3      | Reached ** piety under Trog
  2340 | D:3      | Gained mutation: You regenerate health from kills. [demonic
                  | ancestry]
  2340 | D:3      | Reached XP level 6. HP: 43/47 MP: 6/6
  3082 | D:4      | Found a runed translucent door.
  3082 | D:4      | Noticed comborobin's ghost (amateur OpCA)
  3130 | D:4      | Reached skill level 7 in Axes
  3219 | D:4      | Found an opulent altar of Gozag.
  3641 | D:4      | Found a staircase to the Ecumenical Temple.
  3676 | D:4      | Reached XP level 7. HP: 43/52 MP: 7/7
  4325 | D:4      | Killed comborobin's ghost
  4326 | D:4      | Reached skill level 8 in Axes
  4424 | D:5      | Entered Level 5 of the Dungeon
  4825 | D:5      | Found a sacrificial altar of Ru.
  5094 | D:5      | Found a blossoming altar of Fedhas.
  5129 | D:5      | Reached skill level 9 in Axes
  5129 | D:5      | Reached XP level 8. HP: 58/58 MP: 8/8
  6253 | D:6      | Noticed miscthings's ghost (novice DgTm)
  6254 | D:6      | Found a runed translucent door.
  6384 | D:5      | HP: 4/87 [poisoned by a water moccasin]
  6725 | D:6      | Reached skill level 10 in Axes
  6790 | D:5      | Killed miscthings's ghost
  6999 | D:6      | Reached skill level 11 in Axes
  7020 | D:6      | Gained mutation: You have sharp fingernails. [demonic
                  | ancestry]
  7020 | D:6      | Reached XP level 9. HP: 63/63 MP: 9/9
  7424 | D:6      | Found a radiant altar of Vehumet.
  7699 | D:6      | Identified the +6 hunting sling "Ultimatum" {venom, Dex+3}
  7799 | D:7      | Reached skill level 1 in Throwing
  8350 | D:7      | Noticed Joseph
  8359 | D:7      | Killed Joseph
  8710 | D:7      | Found a hide-covered altar of Uskayaw.
  9023 | D:7      | Found a hazy altar of Hepliaklqana.
  9249 | D:7      | Reached skill level 12 in Axes
  9584 | D:7      | Reached skill level 5 in Throwing
  9873 | D:7      | Found a shimmering blue altar of Sif Muna.
 10299 | D:8      | Gained mutation: You have very sharp fingernails. [demonic
                  | ancestry]
 10299 | D:8      | Reached XP level 10. HP: 66/68 MP: 10/10
 10385 | D:8      | Found a runed translucent gate.
 10386 | D:8      | Found a runed translucent gate.
 10389 | D:8      | Found a runed translucent gate.
 10590 | D:8      | Found a staircase to the Lair.
 10730 | D:8      | Found a bloodstained altar of Trog.
 11095 | D:8      | Noticed Erica
 11115 | D:8      | Killed Erica
 11165 | D:8      | Identified the +7 dagger "Secadgh" {freeze, Will++ rCorr
                  | Dex+2 Stlth+}
 11349 | D:8      | Noticed an angel
 11358 | D:8      | Found a basalt altar of Yredelemnul.
 11419 | D:8      | Noticed axecop's ghost (novice DsAK)
 11920 | D:9      | Found a sparkling altar of Nemelex Xobeh.
 12787 | D:9      | Reached skill level 13 in Axes
 13014 | D:10     | Entered Level 10 of the Dungeon
 13050 | D:10     | Noticed a manticore
 13061 | D:10     | Killed a manticore
 13631 | D:10     | Gained mutation: You have claws for hands. [demonic
                  | ancestry]
 13631 | D:10     | Reached XP level 11. HP: 60/75 MP: 11/11
 13764 | D:10     | Reached *** piety under Trog
 13797 | D:10     | Found a staircase to the Orcish Mines.
 14174 | D:10     | Identified the +4 tower shield of Crawling {+Inv rElec
                  | Dex-3}
 14222 | D:10     | Found a snail-covered altar of Cheibriados.
 14356 | D:10     | Noticed a two-headed ogre
 14721 | D:10     | Killed a two-headed ogre
 15771 | D:11     | Reached skill level 14 in Axes
 15990 | Lair:1   | Entered Level 1 of the Lair of Beasts
 16047 | Lair:1   | Reached skill level 10 in Throwing
 16051 | Lair:1   | Reached **** piety under Trog
 17535 | Lair:2   | Noticed a six-headed hydra
 17553 | Lair:2   | Killed a five-headed hydra
 17554 | Lair:2   | Reached XP level 12. HP: 81/81 MP: 12/12
 17566 | Lair:2   | Noticed a six-headed hydra
 17571 | Lair:2   | Killed a six-headed hydra
 17771 | Lair:2   | Noticed Maggie
 17780 | Lair:2   | Killed Maggie
 18352 | Lair:2   | Found a staircase to the Shoals.
 18809 | Lair:2   | Identified the +0 ring mail of Nymy {*Corrode Str+3 Dex+5}
 18998 | Lair:2   | Reached skill level 15 in Axes
 19514 | Lair:2   | Identified the ring of Gaggar {+Blink Fly rF- Dex+7}
 19611 | Lair:3   | Noticed a seven-headed hydra
 19954 | Lair:3   | Found a hole to the Spider Nest.
 20061 | Lair:3   | Killed a four-headed hydra
 20380 | Lair:3   | Noticed a catoblepas
 20408 | Lair:3   | Killed a catoblepas
 21313 | Lair:4   | HP: 6/121 [poisoned by a black mamba]
 21314 | Lair:4   | HP: 2/121 [poisoned by a black mamba]
 21315 | Lair:4   | Succumbed to a black mamba's poison

Illustrated notes

Levels and vault maps discovered:
D:1:      lightli_arrival_quake, layout_basic
D:2:      layout_rooms, basic_altar, uniq_jessica, uniq_sigmund
D:3:      cheibrodos_old_hovel, layout_loops_cross,
          shapermc_ecumenical_altar_starsandcircs
D:4:      layout_gridville, grunt_gozag_statues, minmay_temple_entry_nine_rooms,
          hellmonk_ghost_happy_afterlife, kennysheep_nondescript, corexii_shack
D:5:      layout_loops_ring, mainiacjoe_overflow_catch_the_wave
D:6:      layout_cave_pools, nicolae_vehumet_altar_sigil,
          ebering_ghost_inner_flame
D:7:      cheibrodos_barr_body, layout_loops_ring, general_overflow_altar,
          mainiacjoe_overflow_two_lobes, nicolae_hepliaklqana_monster_ancestors,
          grunt_decor_junction, uniq_joseph
D:8:      layout_cave_pools, grunt_temple_overflow_holy_war,
          kennysheep_mini_moat, david_lair_shrubbed, gammafunk_ghost_icy,
          hangedman_decor_diamond_cutter, minmay_misc_feat_tiny, uniq_erica
D:9:      layout_roguey, mainiacjoe_overflow_paths
D:10:     layout_roguey, kennysheep_mini, erik_orc_3
D:11:     layout_basic
Lair:1:   layout_roguey [special_room_bee], nicolae_quartered_pool_impasse,
          st_stairs_3, grunt_megastairs_3
Lair:2:   statuecave_lemuel, layout_hall_layers, elwin_shoals_entry_rooms,
          grunt_megastairs_1, uniq_maggie
Lair:3:   layout_roguey, dummy_spider_entry, grunt_megastairs_5,
          infiniplex_staircase_pool_2
Lair:4:   dragon1_lemuel, layout_regular_city

Skill      XL: |  1  2  3  4  5  6  7  8  9 10 11 12 |
---------------+-------------------------------------+-----
Axes           | 3 4 5 6 7 9 11 12 13 14 15 | 15.7
Throwing       | 5 8 10 12 | 12.3
Fighting       | |  3.0
Armour         | |  1.7
Dodging        | |  1.7

Action                   |  1- 3 |  4- 6 |  7- 9 | 10-12 || total
-------------------------+-------+-------+-------+-------++-------
Melee: Hand axe          |    55 |   208 |   334 |       ||   597
       Punch             |     1 |       |       |     1 ||     2
       War axe           |       |       |     8 |   283 ||   291
       Hunting sling     |       |       |     1 |       ||     1
       Scimitar          |       |       |       |     1 ||     1
       Glaive            |       |       |       |     5 ||     5
 Fire: Hunting sling     |       |       |    98 |   499 ||   597
Throw: Stone             |     4 |     1 |     1 |       ||     6
       Dart              |       |     2 |     4 |     3 ||     9
       Boomerang         |       |       |    19 |    15 ||    34
Invok: Berserk           |     2 |     4 |    16 |    15 ||    37
       Trog's Hand       |       |     2 |     5 |     3 ||    10
       Brothers in Arms  |       |       |       |     2 ||     2
Evoke: Wand              |       |       |       |     1 ||     1
  Use: Potion            |     1 |       |    14 |     3 ||    18
       Scroll            |       |       |    10 |     8 ||    18
 Stab: Paralysed         |       |       |       |     1 ||     1
Armor: Animal skin       |    13 |       |       |       ||    13
       Scale mail        |     6 |    87 |     9 |       ||   102
       Ring mail         |       |       |    95 |   106 ||   201
       Chain mail        |       |       |       |    68 ||    68
Dodge: Dodged            |    42 |    79 |   138 |   227 ||   486
Block: Buckler           |       |    26 |    69 |   108 ||   203

Table legend: (Time is in decaauts)
 A = Elapsed time spent in this place.
 B = Non-inter-level travel time spent in this place.
 C = Inter-level travel time spent in this place.
 D = Time resting spent in this place.
 E = Time spent auto-exploring this place.
 F = Levels seen in this place.
 G = Mean time per level.
                   A        B        C        D        E       F      G
               +--------+--------+--------+--------+--------+-----+--------+
         Total |  21590 |  20654 |    936 |   7159 |  10236 |  15 | 1439.3 |
       Dungeon |  16241 |  15471 |    770 |   5715 |   7268 |  11 | 1476.5 |
          Lair |   5349 |   5183 |    166 |   1444 |   2968 |   4 | 1337.2 |
               +--------+--------+--------+--------+--------+-----+--------+

Top non-repeatable levels by time:
  Lair:2: 2273 daAuts
     D:7: 2263 daAuts
     D:5: 2206 daAuts
    D:10: 1835 daAuts
     D:4: 1684 daAuts
     D:8: 1599 daAuts
     D:9: 1488 daAuts
  Lair:3: 1449 daAuts
  Lair:1: 1401 daAuts
     D:6: 1306 daAuts
     D:1: 1128 daAuts
    D:11: 999 daAuts
     D:2: 913 daAuts
     D:3: 817 daAuts
  Lair:4: 224 daAuts
